 Dungeon Crawl Stone Soup version 0.29.1-15-g9cfb28693d (webtiles) character file.

Game seed: 11891417654260414847

39717 tizbic2 the Reanimator (level 13, -7/101 HPs)
             Began as a Vampire Necromancer on Apr 19, 2023.
             Was the Champion of Cheibriados.
             Mangled by a manticore (12 damage)
             ... on level 5 of the Lair of Beasts.
             The game lasted 01:27:22 (16172 turns).

tizbic2 the Reanimator (Vampire Necromancer)       Turns: 16172, Time: 01:27:23

Health: -7/101     AC: 20    Str: 26    XL:     13   Next: 70%
Magic:  23/23      EV: 17    Int: 32    God:    Cheibriados [******]
Gold:   546        SH:  0    Dex: 34    Spells: 11/26 levels left

rFire   . . .      SeeInvis +   a - +6 scimitar (freeze)
rCold   . . .      Faith    .   (no shield)
rNeg    . . .      Spirit   .   f - +3 ring mail
rPois   .          Reflect  +   C - +0 helmet
rElec   .          Harm     .   J - +0 cloak
rCorr   .          Rampage  .   n - +1 pair of gloves {Dex+3}
Will    +....                   i - +0 pair of boots {Fly}
Stlth   +.........              M - amulet of reflection
HPRegen 0.46/turn               m - +4 ring of evasion
MPRegen 0.18/turn               R - +4 ring of protection

@: confused, ambrosia-drunk, spiked, animating dead, flying, healing quickly,
very slow
A: alive, fangs 3, see invisible, vampiric 2
a: Exsanguinate, Renounce Religion, Bend Time, Temporal Distortion, Slouch, Step
From Time


You were on level 5 of the Lair of Beasts.
You worshipped Cheibriados.
Cheibriados was exalted by your worship.
You visited 2 branches of the dungeon, and saw 15 of its levels.
You also visited: Sewer.

You collected 793 gold pieces.
You spent 247 gold pieces at shops.

Inventory:

Hand Weapons
 a - a +6 scimitar of freezing (weapon)
 j - a +4 scimitar of flaming
 w - a +2 arbalest
 I - a +2 whip of electrocution
 O - a +2 broad axe of electrocution
 S - a +0 whip of pain
Missiles
 c - 6 curare-tipped darts
 p - 2 throwing nets
 y - 44 poisoned darts
Armour
 f - a +3 ring mail (worn)
 h - a +3 scale mail
 i - a +0 pair of boots of flying (worn)
 n - a +1 pair of gloves of dexterity (worn)
 s - a +0 plate armour
 x - a +2 kite shield
 C - a +0 helmet (worn)
 J - a +0 cloak (worn)
Jewellery
 g - a +4 ring of evasion
 m - a +4 ring of evasion (left hand)
 r - a ring of willpower
 D - an amulet of the acrobat
 L - a ring of protection from fire
 M - an amulet of reflection (around neck)
 N - an amulet of magic regeneration
 R - a +4 ring of protection (right hand)
 W - a +6 ring of strength
 Z - a ring of magical power
Wands
 o - a wand of flame (43)
 v - a wand of quicksilver (9)
 z - a wand of roots (11)
 E - a wand of charming (19)
Scrolls
 d - a scroll of teleportation
 e - 10 scrolls of identify
 l - 6 scrolls of poison
 t - 2 scrolls of amnesia
 Q - a scroll of butterflies
 V - a scroll of magic mapping
 Y - a scroll of silence
Potions
 b - 4 potions of attraction
 k - 2 potions of mutation
 u - 5 potions of berserk rage
 A - 2 potions of invisibility
 B - 5 potions of lignification
 G - 2 potions of might
 H - 3 potions of brilliance
 K - 2 potions of magic
 U - 2 potions of ambrosia
Miscellaneous
 P - a tin of tremorstones (2/2)
 T - a lightning rod (4/4)


   Skills:
 + Level 9.2 Fighting
 + Level 7.8 Long Blades
 + Level 10.0 Ranged Weapons
 + Level 8.8 Armour
 - Level 2.1 Dodging
 - Level 3.0 Stealth
 + Level 7.0 Spellcasting
 + Level 11.0 Necromancy
 + Level 3.6 Translocations
 + Level 3.9 Invocations


You had 11 spell levels left.
You knew the following spells:

 Your Spells              Type           Power      Damage    Failure   Level
a - Necrotise             Necr           100%       1d9       1%          1
b - Vampiric Draining     Necr           69%        2d10      1%          3
c - Blink                 Tloc           68%        N/A       1%          2
d - Agony                 Necr           69%        N/A       1%          5
e - Animate Dead          Necr           69%        N/A       1%          4

Your spell library contained the following spells:

 Spells                   Type           Power      Damage    Failure   Level
 Gell's Gravitas          Tloc           34%        N/A       4%          3
 Lesser Beckoning         Tloc           34%        N/A       4%          3
 Teleport Other           Tloc           34%        N/A       4%          3
 Foxfire                  Conj/Fire      44%        2x1d6     6%          1
 Passage of Golubria      Tloc           34%        N/A       13%         4
 Conjure Flame            Conj/Fire      11%        6-21      17%         3
 Inner Flame              Hex/Fire       11%        N/A       17%         3
 Tukima's Dance           Hex            11%        N/A       17%         3
 Manifold Assault         Tloc           34%        N/A       36%         5
 Flame Wave               Conj/Fire      11%        2d6       50%         4
 Yara's Violent Unravell  Hex/Tmut       5%         3d4       85%         5
 Storm Form               Tmut/Air       5%         N/A       100%        7


Dungeon Overview and Level Annotations

Branches:
Dungeon (10/15)            Temple (0/1) D:4            Lair (5/5) D:10
 Shoals (0/4) Lair:2        Snake (0/4) Lair:3          Orc (0/2) D:9
  Sewer (visited)
  Slime: Lair:4-5

Altars:
Cheibriados
Dithmenos
Fedhas
Gozag
Hepliaklqana
Qazlal
Sif Muna
Vehumet
Xom

Shops:
D:4 *   D:10 *

Annotations:
Lair:1 3 runed translucent doors, Midpoint's ghost, novice DsGl


Innate Abilities, Weirdness & Mutations

Your natural rate of healing is accelerated.
You have razor-sharp teeth.
You have supernaturally acute eyesight. (SInv)
You are afflicted with vampirism and can become a bat while bloodless.


Message History

You closely miss the yak.
Your yak zombie gores the manticore.
The yak barely misses you. You block the manticore's attack.
The manticore closely misses you. The manticore misses you.
You block the manticore's attack.
The manticore claws you but does no damage.
The manticore barely misses you.
You slash the yak! You freeze the yak. Your bite misses the yak.
The yak is moderately wounded.
The yak gores you.
The manticore bites you but does no damage.
The manticore claws you but does no damage.
You block the manticore's attack.
Your yak zombie gores the manticore!
The manticore closely misses you. x3
You slash the yak! You freeze the yak!
The yak is almost dead.
The yak gores you but does no damage.
The manticore bites you but does no damage.
The manticore claws you but does no damage.
The manticore misses you. The manticore bites you!
* * * LOW HITPOINT WARNING * * *
The manticore closely misses you.
The manticore claws you but does no damage.
Your yak zombie closely misses the manticore.
You slash the yak! You freeze the yak.
You kill the yak!
Cheibriados thoroughly appreciates the change of pace.
The dead are walking!
The manticore bites you!
* * * LOW HITPOINT WARNING * * *
The manticore claws you.
* * * LOW HITPOINT WARNING * * *
The manticore claws you but does no damage.
The manticore bites you.
* * * LOW HITPOINT WARNING * * *
The manticore claws you.
* * * LOW HITPOINT WARNING * * *
The manticore barely misses you.
You are confused.
You feel invigorated.
Your yak zombie gores the manticore!
The manticore bites you!
You die...

##
###H##.$##
#P@HZ....#
#.Z.#......
#...##
..... #...#
...P ...##
.## ..## #
.


You could see 2 manticores and 2 friendly yak zombies.

Vanquished Creatures
  4 hydras
  A boulder beetle (D:10)
  Erica (D:10)
  A two-headed ogre (D:8)
  Lodul (D:10)
  Pikel (D:7)
  An orc knight (D:10)
  An ugly thing (D:10)
  A cyclops (D:10)
  5 elephants
  5 black mambas
  A torpor snail (Lair:1)
  2 centaur zombies (D:10)
  Maurice (D:8)
  Joseph (Lair:1)
  7 cane toads
  A yaktaur (D:10)
  A freezing wraith (D:10)
  A rime drake (Lair:3)
  A komodo dragon (Lair:3)
  4 meliai
  2 trolls
  3 polar bears
  Grinder (Sewer)
  7 blink frogs
  7 shadows
  2 vampires (D:10)
  3 wraiths (D:10)
  21 yaks
  6 wyverns
  3 basilisks
  2 steam dragons
  Eustachio (D:5)
  An acid dragon (D:10)
  6 water moccasins
  4 orc warriors
  2 ice beasts
  A sky beast (D:6)
  4 ogres
  13 wolves
  5 centaurs
  A lemure (D:7)
  7 kobold brigands
  Blork the orc (D:5)
  8 bullfrogs
  3 gnoll sergeants
  A scorpion (D:5)
  18 wights
  14 killer bees (Lair:3)
  2 electric eels (Lair:1)
  4 howler monkeys
  4 jellies
  2 orc priests
  2 quasits (Sewer)
  5 hounds
  Crazy Yiuf (D:7)
  A hell rat (Lair:3)
  4 iguanas
  4 orc wizards
  A howler monkey zombie (D:10)
  8 gnolls
  8 adders
  A river rat (Lair:3)
  2 shadow imps
  2 white imps
  6 ufetubi
  An adder zombie (Sewer)
  4 worms
  5 dart slugs
  29 orcs
  5 bats
  6 endoplasms
  6 giant cockroaches
  8 hobgoblins
  42 kobolds
  7 quokkas
  6 ball pythons
  5 frilled lizards
  6 goblins
  2 kobold zombies (Sewer)
  3 rats
  A butterfly (D:5)
382 creatures vanquished.

Vanquished Creatures (collateral kills)
  A hydra (Lair:4)
  A two-headed ogre (D:10)
  An elephant (Lair:5)
  2 cane toads
  2 rime drakes (Lair:4)
  3 komodo dragons
  A queen bee (Lair:3)
  7 blink frogs
  A polar bear (Lair:4)
  4 wyverns
  4 yaks
  A basilisk (Lair:2)
  4 water moccasins
  A black bear (Lair:1)
  3 ogres (D:10)
  5 wolves
  3 bullfrogs
  13 killer bees (Lair:3)
  A jelly (Lair:5)
  A gnoll (D:2)
  An orc (D:10)
  An endoplasm (Lair:5)
  2 kobolds (D:9)
  2 bushes
  A butterfly (Lair:4)
66 creatures vanquished.

Vanquished Creatures (others)
  A meliai zombie (Lair:3)
  2 black mamba zombies
  A two-headed ogre zombie (D:10)
  2 cane toad zombies (Lair:3)
  4 elephant zombies
  A rime drake zombie (Lair:3)
  A komodo dragon zombie (Lair:3)
  2 wyvern zombies (Lair:3)
  6 yak zombies
  3 polar bear zombies
  A wolf zombie (Lair:5)
  A bullfrog zombie (Lair:3)
  9 killer bee zombies (Lair:3)
  5 ogre zombies (D:10)
  An adder zombie (Sewer)
  2 jelly zombies (Lair:5)
  4 kobold zombies
  An orc zombie (D:10)
  34 fungi
  81 plants
  3 withered plants (D:10)
165 creatures vanquished.

Grand Total: 613 creatures vanquished

Notes
Turn   | Place    | Note
-------+----------+-------------------------------------------
     0 | D:1      | tizbic2 the Vampire Necromancer began the quest for the
                  | Orb.
     0 | D:1      | Reached XP level 1. HP: 13/13 MP: 3/3
   158 | D:1      | You fall into a shaft and drop 1 floor!
   206 | D:2      | Reached XP level 2. HP: 6/20 MP: 1/5
   527 | D:1      | Found a faded altar of an unknown god.
   551 | D:1      | Reached skill level 1 in Armour
  1175 | D:2      | Gained mutation: You are afflicted with vampirism and can
                  | become a bat while bloodless. [Vampire growth]
  1175 | D:2      | Reached XP level 3. HP: 25/25 MP: 0/6
  1183 | D:2      | Reached skill level 1 in Fighting
  1471 | D:2      | Reached XP level 4. HP: 27/32 MP: 7/7
  1902 | D:3      | Found a snail-covered altar of Cheibriados.
  1911 | D:3      | Became a worshipper of Cheibriados the Contemplative
  5112 | D:4      | Found Lakuu's Assorted Antiques.
  5121 | D:4      | Reached XP level 5. HP: 38/38 MP: 8/8
  5125 | D:4      | Bought an arbalest for 117 gold pieces
  5143 | D:4      | Found a staircase to the Ecumenical Temple.
  5222 | D:4      | Reached skill level 1 in Ranged Weapons
  5225 | D:4      | Reached * piety under Cheibriados
  5287 | D:4      | Reached XP level 6. HP: 36/45 MP: 9/9
  5376 | D:4      | Found a shadowy altar of Dithmenos.
  5719 | D:5      | Entered Level 5 of the Dungeon
  5731 | D:5      | Found a stormy altar of Qazlal.
  5807 | D:5      | Noticed an ice beast
  5822 | D:5      | Killed an ice beast
  5913 | D:5      | Found a glowing drain.
  5948 | Sewer    | Entered a sewer
  5970 | Sewer    | Reached ** piety under Cheibriados
  6045 | Sewer    | Reached XP level 7. HP: 52/52 MP: 10/10
  6113 | Sewer    | Noticed Grinder
  6119 | Sewer    | Paralysed by Grinder for 4 turns
  6133 | Sewer    | Killed Grinder
  6152 | Sewer    | Found a burning altar of Makhleb.
  6158 | Sewer    | Reached *** piety under Cheibriados
  6323 | D:5      | Found a shimmering altar of Xom.
  6371 | D:5      | Noticed Blork the orc
  6373 | D:5      | Noticed Eustachio
  6375 | D:5      | Killed Blork the orc
  6390 | D:5      | Killed Eustachio
  6391 | D:5      | Reached XP level 8. HP: 53/60 MP: 11/11
  6576 | D:5      | Reached skill level 5 in Ranged Weapons
  6588 | D:5      | Learned a level 3 spell: Vampiric Draining
  7058 | D:6      | Reached **** piety under Cheibriados
  7155 | D:4      | Bought a dented cabochon amulet for 130 gold pieces
  7285 | D:6      | Reached skill level 5 in Armour
  7296 | D:6      | Reached skill level 5 in Fighting
  7394 | D:6      | Reached XP level 9. HP: 68/68 MP: 12/12
  7654 | D:6      | Found a radiant altar of Vehumet.
  8261 | D:7      | Noticed Pikel
  8276 | D:7      | Killed Pikel
  8277 | D:7      | Reached skill level 1 in Long Blades
  8950 | D:7      | Found a runed translucent door.
  8951 | D:7      | Noticed Crazy Yiuf
  8962 | D:7      | Killed Crazy Yiuf
  9107 | D:8      | Reached XP level 10. HP: 40/76 MP: 13/13
  9371 | D:8      | Reached ***** piety under Cheibriados
  9429 | D:8      | Noticed a two-headed ogre
  9434 | D:8      | Killed a two-headed ogre
  9435 | D:8      | Reached skill level 5 in Necromancy
  9678 | D:8      | Noticed Maurice
  9685 | D:8      | Killed Maurice
  9748 | D:8      | Reached skill level 6 in Necromancy
 10089 | D:9      | Found a hazy altar of Hepliaklqana.
 10206 | D:9      | Learned a level 2 spell: Blink
 10212 | D:9      | Learned a level 5 spell: Agony
 10217 | D:9      | Learned a level 4 spell: Animate Dead
 10236 | D:9      | Found a blossoming altar of Fedhas.
 10336 | D:9      | Found a staircase to the Orcish Mines.
 10490 | D:9      | Found an opulent altar of Gozag.
 10495 | D:9      | Found an opulent altar of Gozag.
 10495 | D:9      | Found an opulent altar of Gozag.
 10511 | D:9      | Found an opulent altar of Gozag.
 10939 | D:10     | Entered Level 10 of the Dungeon
 10953 | D:10     | Found a staircase to the Lair.
 10984 | D:10     | Reached skill level 7 in Necromancy
 11016 | D:10     | Reached XP level 11. HP: 73/84 MP: 16/16
 11016 | D:10     | Found Feix's Assorted Antiques.
 11032 | D:10     | Noticed a two-headed ogre
 11034 | D:10     | Noticed Lodul
 11044 | D:10     | Killed a two-headed ogre
 11045 | D:10     | Killed Lodul
 11058 | D:10     | Your ally Lodul died
 11071 | D:10     | HP: 2/84 [shadow (3)]
 11282 | D:10     | Reached skill level 5 in Long Blades
 11282 | D:10     | Reached skill level 8 in Necromancy
 11437 | D:10     | Noticed a boulder beetle
 11462 | D:10     | Killed a boulder beetle
 11540 | D:10     | Reached ****** piety under Cheibriados
 11631 | D:10     | Noticed Erica
 11638 | D:10     | Killed Erica
 11674 | D:10     | Found a shimmering blue altar of Sif Muna.
 11845 | D:10     | Reached skill level 5 in Spellcasting
 11851 | D:10     | Noticed an orc knight
 11861 | D:10     | Killed an orc knight
 11871 | D:10     | Reached skill level 9 in Necromancy
 12106 | D:10     | Noticed a cyan ugly thing
 12114 | D:10     | Killed a cyan ugly thing
 12150 | D:10     | Reached XP level 12. HP: 63/92 MP: 19/19
 12204 | Lair:1   | Entered Level 1 of the Lair of Beasts
 12664 | Lair:1   | Noticed a five-headed hydra
 12671 | Lair:1   | Killed a one-headed hydra
 12790 | Lair:1   | Noticed a four-headed hydra
 12796 | Lair:1   | Killed a one-headed hydra
 12940 | Lair:1   | Found a runed translucent gate.
 12940 | Lair:1   | Found a runed translucent gate.
 12940 | Lair:1   | Found a runed translucent gate.
 12941 | Lair:1   | Noticed Midpoint's ghost (novice DsGl)
 12999 | Lair:1   | Noticed Joseph
 13004 | Lair:1   | Killed Joseph
 13058 | Lair:2   | You are sucked into a shaft and drop 1 floor!
 13172 | Lair:2   | Found a staircase to the Shoals.
 13182 | Lair:2   | Reached skill level 10 in Necromancy
 13238 | Lair:2   | Reached skill level 1 in Invocations
 13267 | Lair:2   | Reached skill level 1 in Translocations
 13893 | Lair:3   | Noticed a five-headed hydra
 13902 | Lair:3   | Killed a one-headed hydra
 14544 | Lair:3   | Reached XP level 13. HP: 99/99 MP: 22/22
 14999 | Lair:3   | Found a staircase to the Snake Pit.
 15772 | Lair:5   | Entered Level 5 of the Lair of Beasts
 15963 | Lair:5   | Reached skill level 11 in Necromancy
 16117 | Lair:5   | Reached skill level 10 in Ranged Weapons
 16171 | Lair:5   | HP: 4/101 [manticore (2)]
 16171 | Lair:5   | HP: 1/101 [manticore (2)]
 16172 | Lair:5   | Mangled by a manticore

Illustrated notes

Levels and vault maps discovered:
D:1:      elethiomel_arrival_quiet, layout_loops_corners,
          shapermc_ecumenical_altar_venn, minivault_26
D:2:      layout_basic, kennysheep_flooded_box, nicolae_wormholes
D:3:      layout_loops_corners, nicolae_overflow_crystal_walls
D:4:      layout_basic, kennysheep_mini, minmay_temple_entry_overgrown,
          serial_shops, nicolae_shop_hallway_stairs, grunt_ministairs_2,
          st_stairs_10
D:5:      layout_loops_ring, xom_butterflies, nicolae_qazlal_scattered_showers,
          portal_sewer_entry_f, hangedman_decor_clover_reticule, sword_in_stone
D:6:      layout_loops_cross, vehumet_crystals, nicolae_elyvilon_peaceful_grove
D:7:      layout_layer_cave, uniq_pikel, uniq_crazy_yiuf_cottage
D:8:      layout_basic, uniq_maurice
D:9:      layout_loops_corners, fedhas_altar_1,
          nicolae_gozag_conspicuous_consumption, lemuel_tele_altar, david_orc_3
D:10:     minmay_the_grid_plus_closed [minmay_the_grid_outer_circle,
          minmay_the_grid_expand, minmay_the_grid_armoury,
          minmay_the_grid_small_cups, minmay_the_grid_prize_shrinking_boxes],
          layout_irregular_city, tgw_sif, serial_undead, serial_undead_c,
          serial_undead_f, serial_undead_a, serial_undead_c, serial_undead_a,
          serial_shops, shop_fountains, uniq_lodul, uniq_erica
Lair:1:   layout_regular_city, gammafunk_ghost_necromancy, minivault_11,
          st_stairs_7, serial_bayou_shore_a, uniq_joseph
Lair:2:   layout_misc_corridors, shoals_dummy_entry
Lair:3:   regret_index_combs_of_tragedy, layout_regular_city, dummy_snake_entry,
          chequers_serial_rivers_large_a, st_stairs_8
Lair:4:   layout_cave_pods, grunt_megastairs_4, lemuel_fruit_tree,
          lemuel_fruit_fields
Lair:5:   evilmike_catoblepas_cave, layout_concentric_octagons,
          minmay_slime_entry_jelly_boxes, nicolae_lair_yak_garden

Skill      XL: |  1  2  3  4  5  6  7  8  9 10 11 12 13 |
---------------+----------------------------------------+-----
Armour         | 1 2 3 4 5 6 7 8 |  8.8
Fighting       | 1 2 3 5 6 7 8 9 |  9.2
Ranged Weapons | 1 2 4 6 7 8 9 10 | 10.0
Long Blades    | 2 4 5 7 |  7.8
Necromancy     | 7 9 10 11 | 11.0
Spellcasting   | 3 5 6 7 |  7.0
Invocations    | 2 3 |  3.9
Translocations | 2 3 |  3.6
Dodging        | |  2.1
Stealth        | |  3.0

Action                   |  1- 3 |  4- 6 |  7- 9 | 10-12 | 13-15 || total
-------------------------+-------+-------+-------+-------+-------++-------
Melee: Unarmed           |    42 |       |       |       |       ||    42
       Punch             |     4 |     3 |     3 |     5 |     1 ||    16
       Bite              |    12 |    20 |    10 |    47 |    28 ||   117
       Dagger            |    93 |    59 |       |       |       ||   152
       Short sword       |       |    47 |       |       |       ||    47
       Flail             |       |    80 |       |       |       ||    80
       Broad axe         |       |       |    45 |    38 |       ||    83
       Whip              |       |       |    20 |     1 |     1 ||    22
       Scimitar          |       |       |    41 |   304 |   127 ||   472
 Fire: Arbalest          |       |    96 |   146 |   143 |    14 ||   399
 Cast: Necrotise         |    23 |       |       |     4 |       ||    27
       Vampiric Draining |       |       |       |    17 |     6 ||    23
       Agony             |       |       |       |     2 |       ||     2
       Animate Dead      |       |       |       |     7 |     6 ||    13
Invok: Temporal Distorti |       |       |       |     1 |       ||     1
  Use: Potion            |     1 |       |     1 |    12 |     4 ||    18
       Scroll            |     4 |     5 |    14 |    10 |     3 ||    36
 Stab: Sleeping          |     4 |     1 |       |       |       ||     5
       Distracted        |     1 |       |       |     8 |     7 ||    16
       Petrified         |       |       |       |       |     1 ||     1
Armor: Robe              |    24 |       |       |       |       ||    24
       Plate armour      |     3 |   123 |    12 |    55 |       ||   193
       Scale mail        |       |    39 |    37 |       |       ||    76
       Skin              |       |       |    17 |       |       ||    17
       Chain mail        |       |       |    32 |       |       ||    32
       Ring mail         |       |       |       |   136 |   119 ||   255
Dodge: Dodged            |   121 |   214 |   232 |   601 |   202 ||  1370
Block: Kite shield       |       |       |     6 |    37 |       ||    43
       Other             |       |       |       |    35 |    49 ||    84
